 Dungeon Crawl Stone Soup version 0.20.1-1-g8b1a95d (webtiles) character file.

145937 equalderp2856 the Severer (level 16, -27/144 HPs)
             Began as a Minotaur Fighter on Oct 19, 2017.
             Killed from afar by Ilsuiw (41 damage)
             ... with a shard of ice
             ... on level 4 of the Shoals.
             The game lasted 01:56:38 (41184 turns).

equalderp2856 the Severer (Minotaur Fighter)       Turns: 41184, Time: 01:56:39

Health: -27/144    AC: 23    Str: 21    XL:     16   Next: 88%
Magic:  25/25      EV: 10    Int:  8    God:
Gold:   2465       SH: 14    Dex: 14    Spells: 17/29 levels left

rFire    + + .     SeeInvis +   Q - +3 war axe (elec)
rCold    . . .     Gourm    .   c - +0 shield
rNeg     + . .     Faith    .   o - +1 plate armour {rF+}
rPois    .         Spirit   .   r - +0 hat
rElec    .         Reflect  .   x - +2 cloak {rF+}
rCorr    .         Harm     .   F - +0 pair of gloves (curse)
MR       +....                  (no boots)
Stlth    ..........             a - amulet of regeneration
Regen    0.8/turn               Y - ring of positive energy
MPRegen  0.2/turn               S - ring of see invisible

@: about to teleport, mesmerised, very slightly contaminated, very slow
A: retaliatory headbutt, horns 2, mutation resistance 1
a: no special abilities


You were on level 4 of the Shoals.
You were near starving.

You visited 5 branches of the dungeon, and saw 28 of its levels.
You also visited: Bailey and Volcano.

You collected 2588 gold pieces.
You spent 123 gold pieces at shops.

Inventory:

Hand Weapons
 b - a +3 war axe of venom
 q - a +0 broad axe
 C - a +2 demon trident of freezing
 H - a +1 war axe of chopping
 O - a +0 trident of protection
 Q - a +3 war axe of electrocution (weapon)
Armour
 c - a +0 shield (worn)
 j - a +0 cloak
 o - a +1 plate armour of fire resistance (worn)
 r - a +0 hat (worn)
 x - a +2 cloak of fire resistance (worn)
 F - a cursed +0 pair of gloves (worn)
Jewellery
 a - an amulet of regeneration (around neck)
 k - an uncursed ring of ice
 p - an uncursed amulet of rage
 S - a ring of see invisible (right hand)
 Y - a ring of positive energy (left hand)
Wands
 h - a wand of acid (0/15)
 u - a wand of disintegration (18/24)
 y - a wand of clouds (3/9)
 D - a wand of paralysis (11/24)
 J - a wand of scattershot (4/9)
 L - a wand of clouds (4/9)
 T - a wand of enslavement (20/24)
 X - a wand of digging (7/24)
Scrolls
 d - 2 scrolls of acquirement
 e - 9 scrolls of remove curse
 i - a scroll of recharging
 n - 5 scrolls of blinking
 v - 2 scrolls of fog
 E - 2 scrolls of enchant armour {unknown}
 G - 6 scrolls of enchant weapon
 M - 4 scrolls of fear
 N - a scroll of magic mapping
 P - 2 scrolls of identify
 R - 2 scrolls of teleportation
 U - a scroll of summoning {unknown}
 Z - 2 scrolls of holy word
Potions
 g - 7 potions of mutation
 m - 5 potions of haste
 s - 5 potions of agility
 t - 3 potions of lignification
 w - 2 potions of berserk rage
 z - 2 potions of invisibility {unknown}
 A - 2 potions of curing {unknown}
 I - 6 potions of flight {unknown}
Miscellaneous
 l - a lamp of fire
 W - 2 sacks of spiders
Comestibles
 f - 16 bread rations
 K - 30 fruits
 V - 5 meat rations


   Skills:
 + Level 13.6 Fighting
 + Level 17.0(17.2) Axes
 + Level 4.4(12.2) Polearms
 + Level 14.9 Armour
 + Level 5.0 Dodging
 + Level 2.9 Stealth
 + Level 15.1 Shields
 * Level 7.3 Spellcasting
 * Level 7.7 Charms
 * Level 4.2 Translocations
 + Level 0.2 Earth Magic
 + Level 2.3 Evocations


You had 17 spell levels left.
You knew the following spells:

 Your Spells              Type           Power        Failure   Level  Hunger
a - Ozocubu's Armour      Chrm/Ice       #.......     78%         3    ###....
b - Swiftness             Chrm/Air       #.......     54%         2    ##.....
c - Passwall              Tmut/Erth      #.........   97%         2    ##.....
d - Stone Arrow           Conj/Erth      #.....       99%         3    ###....
e - Blink                 Tloc           N/A          50%         2    ##.....


Dungeon Overview and Level Annotations

Branches:
Dungeon (15/15)            Temple (0/1) D:4            Lair (6/6) D:11
 Shoals (4/4) Lair:4       Spider (1/4) Lair:2        Slime (0/5) Lair:6
    Orc (2/2) D:11            Elf (0/3) Orc:2        Vaults (0/5) D:13
 Depths (0/5) D:15

Altars:
Dithmenos
Elyvilon
Gozag
Qazlal
Ru
Sif Muna
Uskayaw
Vehumet
Zin

Shops:
D:6 :   D:12 *   Orc:2 (*}(

Annotations:
Lair:5 exclusion: 4 oklob plants
Lair:6 exclusion: 3 oklob plants
Shoals:4 Ilsuiw
Orc:2 2 runed doors, exclusion: orange crystal statue


Innate Abilities, Weirdness & Mutations

You reflexively headbutt those who attack you in melee.
You have a pair of horns on your head.
You are somewhat resistant to further mutation.


Message History

You hear a splash.
The merfolk siren chants its luring song.
Found 4 fruits.
A manticore and a merfolk come into view.
You see here 2 tomahawks.
As you read the scroll of teleportation, it crumbles to dust.
You feel strangely unstable.
Ilsuiw shouts!
The merfolk siren chants its luring song.
The manticore flicks its tail.
The volley of spikes hits you!
Unknown command.
The merfolk siren chants its luring song.
The merfolk throws a tomahawk.
The tomahawk hits you!
* * * LOW HITPOINT WARNING * * *
You hear a splash.
It was a potion of berserk rage.
You are too mesmerised to rage.
Ilsuiw points at you and mumbles some strange words.
The shard of ice hits you!
You die...

.....#.≈≈≈≈≈.......# ##...
...≈≈≈≈≈≈≈≈≈≈≈..≈≈# #≈≈≈
.≈≈≈≈≈≈≈≈≈≈≈≈≈≈≈≈# #≈[≈
≈≈≈≈≈≈≈≈≈≈≈≈≈≈≈≈# # #≈)≈
≈≈≈≈≈≈≈≈≈≈≈≈≈≈≈≈# ≈≈ #≈≈≈
≈≈≈≈≈≈≈≈≈≈≈≈≈≈#≈≈# ###≈≈≈
(..≈≈≈≈≈≈≈≈≈≈≈≈#######≈≈≈≈≈
≈...≈≈≈≈≈≈≈≈≈≈≈≈≈##≈#≈≈≈≈≈(
.≈m≈≈≈≈@≈≈≈≈≈≈≈≈≈≈≈≈≈≈≈)
≈≈≈≈≈≈≈≈≈≈≈≈m≈≈≈≈≈≈(((.H
≈≈≈≈≈≈≈H≈≈≈≈≈≈≈≈≈≈P≈EEt<
≈≈≈≈≈≈≈≈≈≈≈≈≈≈≈≈≈≈≈≈§Em.
≈≈≈≈≈≈%≈≈≈≈≈≈.≈≈≈≈≈P.P..
≈≈≈#######≈≈≈≈≈....≈≈≈.P
≈≈≈ #≈≈≈≈m.#...≈≈P≈ ≈#
##≈≈≈≈..##..≈≈≈ #≈≈≈≈.#
###≈≈≈


You could see Ilsuiw, a merfolk, a manticore and a merfolk siren.

Vanquished Creatures
  2 krakens (Shoals:2)
  The ghost of arttle the Bludgeoner, a journeyman MiBe of Trog (Spider:1)
  An emperor scorpion (Lair:2)
  The ghost of flestrin the Pure, a journeyman DsAK of Lugonu (Spider:1)
  An entropy weaver (Spider:1)
  A merfolk javelineer (Shoals:4)
  4 merfolk impalers
  The ghost of Frank the Carver, a journeyman OpFi of Gozag (D:12)
  4 vault guards
  12 hydras
  A merfolk avatar (Shoals:2)
  A death knight (D:14)
  4 centaur warriors
  4 merfolk aquamancers
  2 satyrs
  5 death yaks
  2 tengu warriors
  4 orc high priests (Orc:2)
  2 skeletal warriors (Volcano)
  The ghost of lorenzova the Thaumaturge, a novice DECj of Sif Muna (D:12)
  7 sea snakes
  2 unseen horrors
  An anaconda skeleton (Volcano)
  3 deep elf magi
  Pikel (D:6)
  The ghost of Irenicus the Cleaver, a novice DDGl of Makhleb (D:7)
  6 orc knights
  A wolf spider zombie (D:12)
  10 ugly things
  9 harpies
  A wolf spider (Spider:1)
  4 orc sorcerers (Orc:2)
  An oklob plant (D:14)
  15 fauns
  6 cyclopes
  17 manticores
  Joseph (D:10)
  5 merfolk sirens
  5 black mambas
  5 gargoyles
  A torpor snail (Spider:1)
  3 water nymphs
  8 spiny frogs
  2 demonic crawlers (Spider:1)
  15 komodo dragons
  2 kobold demonologists (D:13)
  3 rime drakes
  2 efreet
  6 jumping spiders
  5 trolls
  22 merfolk
  3 meliai
  Prince Ribbit (D:8)
  A tengu conjurer (D:14)
  A wolf spider simulacrum (D:15)
  5 hornets
  8 polar bears
  4 wind drakes
  2 harpy skeletons (Volcano)
  5 slime creatures
  8 snapping turtles
  14 dream sheep
  14 hippogriffs
  Sigmund (D:4)
  3 flying skulls (Volcano)
  20 redbacks
  15 water elementals
  45 yaks
  13 spriggans
  5 tarantellas (Spider:1)
  A wraith (D:13)
  2 steam dragons (D:14)
  3 wyverns
  2 hungry ghosts
  4 vampire mosquitoes (D:13)
  4 wargs
  2 acid dragons
  The ghost of esteth the Conjurer, an amateur DEFE (D:4)
  2 soldier ants
  10 porcupines
  15 water moccasins
  4 ice beasts
  An eye of draining (D:12)
  4 sky beasts
  23 orc warriors
  4 black bears
  3 phantoms
  4 boggarts (Lair:6)
  17 ogres
  31 wolves
  6 centaurs
  18 crocodiles
  19 bullfrogs
  2 big kobolds
  Blork the orc (D:5)
  A wyvern skeleton (D:13)
  5 scorpions
  16 killer bees
  6 wights (D:14)
  3 electric eels
  5 howler monkeys
  2 spriggan skeletons (Volcano)
  9 crimson imps
  13 jellies
  27 orc wizards
  A quasit (D:10)
  A centaur zombie (D:9)
  A bullfrog skeleton (D:12)
  13 hounds
  21 orc priests
  8 centaur skeletons
  4 iguanas
  12 worker ants
  4 hell rats (Lair:5)
  A hound skeleton (D:11)
  16 adders
  11 gnolls
  5 shadow imps
  10 oozes (D:14)
  An adder skeleton (D:5)
  5 worms
  3 leopard geckos
  92 orcs
  5 giant cockroaches
  10 goblins
  10 hobgoblins
  7 jackals
  34 kobolds
  5 quokkas
  4 ball pythons
  8 bats
  3 frilled lizards
  8 rats
  A butterfly (Lair:5)
  4 fungi
  10 plants
  6 tentacles (Shoals:2)
986 creatures vanquished.

Vanquished Creatures (others)
  A water elemental (Shoals:4)
  A basilisk (D:14)
  A water moccasin (D:6)
  3 slaves (D:6)
  An orc wizard (Orc:2)
  A worker ant (D:6)
  An adder skeleton (D:6)
  A dart slug (D:3)
  2 orcs
  A quokka (D:14)
  10 fungi
  11 plants
  11 tentacles (Shoals:2)
45 creatures vanquished.

Grand Total: 1031 creatures vanquished

Notes
Turn   | Place    | Note
-------+----------+-------------------------------------------
     0 | D:1      | equalderp2856 the Minotaur Fighter began the quest for the Orb.
     0 | D:1      | Reached XP level 1. HP: 19/19 MP: 0/0
   413 | D:1      | Reached XP level 2. HP: 27/27 MP: 1/1
   756 | D:2      | Found a stormy altar of Qazlal.
   801 | D:2      | Reached XP level 3. HP: 33/33 MP: 2/2
   881 | D:2      | Reached skill level 3 in Axes
  1353 | D:2      | Reached XP level 4. HP: 40/40 MP: 3/3
  1542 | D:2      | Noticed an angel
  1543 | D:2      | Found a glowing silver altar of Zin.
  1877 | D:3      | Found a radiant altar of Vehumet.
  1917 | D:3      | Reached skill level 1 in Dodging
  1917 | D:3      | Reached XP level 5. HP: 36/46 MP: 4/4
  2287 | D:4      | Found a hide-covered altar of Uskayaw.
  2287 | D:4      | Noticed a dagger
  2287 | D:4      | Noticed a dagger
  2411 | D:4      | Reached skill level 4 in Axes
  2496 | D:4      | Identified the Grimoire of the Snowflakes and Malediction
  2500 | D:4      | Found a sacrificial altar of Ru.
  2530 | D:4      | Noticed esteth's ghost (amateur DEFE)
  2579 | D:4      | Noticed Sigmund
  2606 | D:3      | Reached skill level 5 in Shields
  2824 | D:4      | Killed esteth's ghost
  2824 | D:4      | Reached skill level 5 in Armour
  2824 | D:4      | Reached XP level 6. HP: 48/55 MP: 5/5
  3327 | D:4      | Killed Sigmund
  3327 | D:4      | Reached skill level 5 in Fighting
  3327 | D:4      | Reached skill level 5 in Axes
  3327 | D:4      | Reached XP level 7. HP: 21/61 MP: 6/6
  4579 | D:5      | Entered Level 5 of the Dungeon
  4760 | D:5      | Reached skill level 6 in Axes
  4868 | D:5      | Reached XP level 8. HP: 65/69 MP: 7/7
  4884 | D:5      | Noticed Blork the orc
  4897 | D:5      | Killed Blork the orc
  5091 | D:5      | Reached skill level 7 in Axes
  5680 | D:4      | Found a deep blue altar of Sif Muna.
  5946 | D:4      | Found a staircase to the Ecumenical Temple.
  6441 | D:6      | Noticed Pikel
  6444 | D:6      | Reached skill level 8 in Axes
  6484 | D:6      | Killed Pikel
  6484 | D:6      | Reached skill level 1 in Stealth
  6484 | D:6      | Reached skill level 1 in Evocations
  6484 | D:6      | Reached XP level 9. HP: 49/75 MP: 7/9
  6689 | D:6      | Reached skill level 9 in Axes
  6795 | D:6      | Found Bimuniu's Book Shoppe.
  7754 | D:7      | Noticed Irenicus's ghost (novice DDGl)
  7758 | D:7      | Reached skill level 10 in Axes
  8224 | D:7      | Found a shadowy altar of Dithmenos.
  8825 | D:7      | Found an opulent altar of Gozag.
  8923 | D:7      | Reached XP level 10. HP: 58/86 MP: 10/10
  9577 | D:8      | Noticed Prince Ribbit
  9692 | D:8      | Killed Prince Ribbit
  9692 | D:8      | Reached skill level 11 in Axes
 10277 | D:9      | Found a flagged portal.
 10366 | Bailey   | Entered a bailey
 11031 | Bailey   | Noticed an orc knight
 11032 | Bailey   | Noticed an orc knight
 11041 | Bailey   | Killed an orc knight
 11088 | Bailey   | Killed an orc knight
 11088 | Bailey   | Reached skill level 10 in Armour
 11130 | Bailey   | Paralysed by fainting for 10 turns
 11576 | D:9      | Reached skill level 12 in Axes
 11865 | D:9      | Learned a level 3 spell: Ozocubu's Armour
 11913 | D:9      | Reached skill level 1 in Polearms
 12146 | D:9      | Reached XP level 11. HP: 80/94 MP: 11/11
 12279 | D:10     | Entered Level 10 of the Dungeon
 12445 | D:10     | Noticed Joseph
 12754 | D:10     | Reached skill level 1 in Charms
 12868 | D:10     | Killed an unseen horror
 12868 | D:10     | Reached skill level 10 in Shields
 12868 | D:10     | Reached skill level 1 in Spellcasting
 13152 | D:10     | Killed Joseph
 13441 | D:11     | Found a staircase to the Orcish Mines.
 13522 | D:11     | Found a staircase to the Lair.
 13648 | Lair:1   | Entered Level 1 of the Lair of Beasts
 13648 | Lair:1   | Noticed an eight-headed hydra
 13668 | Lair:1   | Killed an eight-headed hydra
 14050 | Lair:1   | Noticed a seven-headed hydra
 14054 | Lair:1   | Killed a seven-headed hydra
 14054 | Lair:1   | Reached skill level 13 in Axes
 14089 | Lair:1   | You fall through a shaft!
 14407 | Lair:1   | Identified a scroll of acquirement
 14956 | Lair:2   | Reached XP level 12. HP: 102/104 MP: 14/14
 15949 | Lair:2   | Found a hole to the Spider Nest.
 16664 | D:11     | Reached skill level 14 in Axes
 17324 | D:11     | Found a sacrificial altar of Ru.
 17611 | D:11     | Noticed an eight-headed hydra
 17624 | D:11     | Killed an eight-headed hydra
 17624 | D:11     | Reached skill level 10 in Fighting
 18674 | Lair:3   | Reached XP level 13. HP: 96/113 MP: 17/17
 19246 | Lair:4   | Found a dark tunnel.
 19260 | Volcano  | Entered a volcano
 20197 | Lair:4   | Found a staircase to the Shoals.
 21177 | Lair:5   | Reached skill level 15 in Axes
 21709 | Lair:6   | Entered Level 6 of the Lair of Beasts
 22225 | Lair:6   | Reached skill level 5 in Charms
 22530 | Lair:6   | Reached XP level 14. HP: 124/124 MP: 20/20
 22666 | Lair:6   | Reached skill level 5 in Spellcasting
 22826 | Lair:6   | Found a staircase to the Slime Pits.
 23200 | Lair:6   | Paralysed by a hornet for 3 turns
 24121 | Lair:1   | Learned a level 2 spell: Swiftness
 24124 | Lair:1   | Learned a level 2 spell: Passwall
 24128 | Lair:1   | Learned a level 3 spell: Stone Arrow
 25176 | D:4      | Identified Sif Muna's Grimoire of Earth
 25623 | D:7      | Killed Irenicus's ghost
 25782 | Orc:1    | Entered Level 1 of the Orcish Mines
 25996 | Orc:2    | Entered Level 2 of the Orcish Mines
 26019 | Orc:2    | Found a runed door.
 26048 | Orc:2    | Found a runed door.
 26694 | Orc:2    | Found a staircase to the Elven Halls.
 27730 | Orc:2    | Paralysed by an orc sorcerer for 6 turns
 27941 | Orc:2    | Found Naw Yfud's Antique Weapon Boutique.
 27941 | Orc:2    | Found Dacut's Gadget Shoppe.
 27943 | Orc:2    | Found Layzyps's Assorted Antiques.
 27943 | Orc:2    | Found Wocuthru's Weapon Shoppe.
 28015 | Orc:2    | Bought a sedimented yellow potion for 35 gold pieces
 28015 | Orc:2    | Bought a bubbling inky potion for 35 gold pieces
 28015 | Orc:2    | Bought a scroll labeled WADEUR LONOGE for 39 gold pieces
 28323 | D:12     | Noticed lorenzova's ghost (novice DECj)
 28328 | D:12     | Killed lorenzova's ghost
 28670 | D:12     | Noticed Frank's ghost (journeyman OpFi)
 28673 | D:12     | Reached skill level 16 in Axes
 28689 | D:12     | Killed Frank's ghost
 29001 | D:12     | Found Ihalo's Assorted Antiques.
 29011 | D:12     | Bought a black potion for 14 gold pieces
 29418 | D:13     | Found a gate to the Vaults.
 29661 | D:12     | Reached XP level 15. HP: 84/132 MP: 22/22
 31251 | D:14     | Found Faelle's Antique Weapon Emporium.
 31389 | D:14     | Found a white marble altar of Elyvilon.
 32081 | D:15     | Entered Level 15 of the Dungeon
 32103 | D:15     | Found a staircase to the Depths.
 32103 | D:15     | Noticed a fire giant
 32336 | D:15     | Found a deep blue altar of Sif Muna.
 32847 | D:15     | Learned a level 2 spell: Blink
 33840 | Spider:1 | Entered Level 1 of the Spider Nest
 33851 | Spider:1 | Noticed flestrin's ghost (journeyman DsAK)
 33879 | Spider:1 | Killed flestrin's ghost
 33879 | Spider:1 | Reached skill level 1 in Translocations
 34151 | Spider:1 | Noticed arttle's ghost (journeyman MiBe)
 34559 | Spider:1 | Gained mutation: You are somewhat resistant to further mutation. [potion of mutation]
 35156 | Spider:1 | Killed arttle's ghost
 35991 | Shoals:1 | Entered Level 1 of the Shoals
 36734 | Shoals:1 | Reached XP level 16. HP: 104/141 MP: 25/25
 38475 | Shoals:2 | Noticed a kraken
 38489 | Shoals:2 | Killed a kraken
 38593 | Shoals:2 | Noticed a kraken
 38608 | Shoals:2 | Killed a kraken
 40014 | Shoals:4 | Entered Level 4 of the Shoals
 40062 | Shoals:3 | Reached skill level 15 in Shields
 40704 | Shoals:3 | Reached skill level 5 in Dodging
 40884 | Shoals:4 | Reached skill level 17 in Axes
 40900 | Shoals:4 | Noticed Ilsuiw
 41184 | Shoals:4 | Killed from afar by Ilsuiw

Skill      XL: |  1  2  3  4  5  6  7  8  9 10 11 12 13 14 15 16 |
---------------+-------------------------------------------------+-----
Armour         | 4 5 6 7 8 10 11 12 13 14 | 14.9
Shields        | 4 5 6 7 8 9 10 11 12 13 14 15 | 15.1
Fighting       | 4 5 6 7 8 9 10 11 12 13 | 13.6
Axes           | 3 4 5 6 8 10 12 13 14 15 16 17 | 17.0
Dodging        | 1 2 3 4 5 |  5.0
Stealth        | 1 2 |  2.9
Evocations     | 1 2 |  2.3
Polearms       | 1 2 3 4 |  4.4
Charms         | 2 3 5 6 7 |  7.7
Spellcasting   | 2 3 4 5 6 7 |  7.3
Translocations | 2 4 |  4.2
Earth Magic    | |  0.2

Action                   |  1- 3 |  4- 6 |  7- 9 | 10-12 | 13-15 | 16-18 || total
-------------------------+-------+-------+-------+-------+-------+-------++-------
Melee: War axe           |   103 |   140 |   326 |   538 |  1979 |   624 ||  3710
       Headbutt          |    14 |    22 |    70 |   193 |   479 |   140 ||   918
       Trident           |       |       |       |    36 |   113 |       ||   149
       Broad axe         |       |       |       |   344 |       |       ||   344
 Cast: Passwall          |       |       |       |       |     2 |       ||     2
       Swiftness         |       |       |       |       |     1 |       ||     1
 Abil: Evoke Berserk Rag |       |     1 |       |       |       |       ||     1
Evoke: Wand              |       |       |    10 |     5 |     4 |     2 ||    21
  Use: Potion            |       |     1 |       |     3 |     6 |     3 ||    13
       Scroll            |       |       |       |    14 |     3 |     5 ||    22
 Stab: Confused          |       |       |     2 |       |       |       ||     2
       Distracted        |       |       |     1 |     1 |       |       ||     2
       Held in net/web   |       |       |       |       |     2 |       ||     2
  Eat: Chunk             |     1 |     5 |    18 |    29 |    40 |    11 ||   104
       Royal jelly       |       |     1 |     2 |     1 |     4 |       ||     8
       Fruit             |       |       |     2 |     3 |     3 |       ||     8
       Meat ration       |       |       |       |       |     2 |     1 ||     3
Armor: Scale mail        |    53 |    53 |    15 |       |       |       ||   121
       Plate armour      |       |       |   142 |   412 |  1041 |   295 ||  1890
       Ring mail         |       |       |       |     2 |       |       ||     2
       Skin              |       |       |       |       |    17 |       ||    17
Dodge: Dodged            |    34 |    34 |    78 |   220 |   544 |   193 ||  1103
Block: Shield            |    47 |    64 |   169 |   521 |  1241 |   442 ||  2484
